[Event "Titled Tuesday Blitz August 1 Early 2023"]
[White "NicolaiMaxime"]
[Black "Koellner, Ruben Gideon"]
[BlackFideId "12993093"]
[WhiteElo "2501"]
[BlackElo "2692"]
[Result "0-1"]
[Round "3"]
[TimeControl "180+1"]
[Date "2023.08.01"]
[WhiteClock "0:00:19"]
[BlackClock "0:00:19"]
[Board "68"]

1. e4 d6 2. b3 Nf6 3. d3 e5 4. Bb2 Be7 5. Nd2 c5 6. g3 Nc6 7. Bg2 a5 8. a4 Be6 9. Ne2 Nd4 10. Nc3 O-O 11. O-O Qd7 12. Nd5 Bg4 13. Nxf6+ Bxf6 14. f3 Be6 15. Nc4 Bxc4 16. bxc4 g6 17. Bxd4 cxd4 18. Qb1 Bg5 19. f4 Bh6 20. h3 Qe7 21. f5 Qc7 22. Qb5 Bd2 23. Rab1 Bb4 24. h4 Ra6 25. Qd5 Rc6 26. fxg6 hxg6 27. Rf6 Kg7 28. Rbf1 Qe7 29. h5 gxh5 30. c5 Qxf6 31. Rxf6 Kxf6 32. cxd6 Rxd6 33. Qxb7 Rg8 34. Kh2 Be1 35. Qc7 Bxg3+ 36. Kh1 Ra6 37. c3 dxc3 38. Qxc3 Bf2 39. Qd2 Bd4 40. Qh6+ Rg6 41. Qxh5 Kg7 42. Qf5 Raf6 43. Qc8 Rh6+ 44. Bh3 Rh8 45. Qg4+ Rg6 46. Qf5 Rg3 47. Kh2 Rhxh3+ 48. Qxh3 Rxh3+ 49. Kxh3 Kf6 50. Kg4 Ke6 51. Kg5 Kd6 52. Kf6 Kc5 53. Kxf7 Kb4 54. Ke6 Kxa4 55. Kd5 Kb3 56. Kc6 a4 57. Kb5 a3 58. Ka5 a2 59. Kb5 a1=Q 60. Kc6 Qa6+ 61. Kd5 Qb5+ 62. Ke6 Qxd3 63. Kd6 Qxe4 64. Kd7 Qd5+ 65. Kc7 Qe6 66. Kb7 Qb6+ 67. Kc8 Qa7 68. Kd8 Kc4 69. Ke8 Kd5 70. Kd8 Ke6 71. Kc8 e4 72. Kd8 e3 73. Kc8 e2 74. Kd8 e1=Q 75. Kc8 Kd6 76. Kd8 Qee7+ 77. Kc8 Qab7# 0-1


[Site "https://www.chess.com"]

[Event "Titled Tuesday Blitz August 1 Early 2023"]
[White "Schlecht, Daniel, Dr."]
[Black "Rendle, Thomas E"]
[WhiteFideId "4623959"]
[BlackFideId "408760"]
[WhiteElo "2437"]
[BlackElo "2674"]
[Result "0-1"]
[Round "3"]
[TimeControl "180+1"]
[Date "2023.08.01"]
[WhiteClock "0:02:51"]
[BlackClock "0:02:51"]
[Board "69"]

1. d4 e6 2. c4 f5 3. g3 Nf6 4. Bg2 Be7 5. Nf3 O-O 6. O-O d6 7. b3 a5 8. a3 Qe8 9. Bb2 Nbd7 10. e3 Qh5 11. Ne1 Qxd1 0-1


[Site "https://www.chess.com"]

[Event "Titled Tuesday Blitz August 1 Early 2023"]
[White "Rastbod, Ali"]
[Black "FREDERICKtheMATE"]
[WhiteFideId "12567477"]
[WhiteElo "2670"]
[BlackElo "2408"]
[Result "0-1"]
[Round "3"]
[TimeControl "180+1"]
[Date "2023.08.01"]
[WhiteClock "0:00:00"]
[BlackClock "0:00:23"]
[Board "70"]

1. e4 c5 2. Nc3 g6 3. g3 Bg7 4. Bg2 Nc6 5. d3 d6 6. Be3 e5 7. Qd2 Nd4 8. Nd1 Ne7 9. c3 Ne6 10. Bh6 Bxh6 11. Qxh6 f5 12. Ne3 f4 13. Nd5 Nxd5 14. exd5 Qg5 15. Qxg5 Nxg5 16. h4 Nf7 17. Bh3 O-O 18. Nf3 Bxh3 19. Rxh3 Rae8 20. Nd2 fxg3 21. fxg3 Nh6 22. Ke2 Ng4 23. Ne4 Rd8 24. Rhh1 Nf6 25. Ng5 Rd7 26. Ne6 Rff7 27. c4 Ng4 28. Rhf1 h6 29. a3 b6 30. b4 Nh2 31. Rxf7 Rxf7 32. bxc5 bxc5 33. Rb1 Ng4 34. Rb8+ Kh7 35. Rd8 Rf2+ 36. Ke1 Rf3 37. Rd7+ Kh8 38. Rxd6 Rxd3 39. Nxc5 Rxa3 40. Ne6 Ra2 41. c5 Ne3 42. c6 Ng2+ 43. Kd1 Ne3+ 44. Kc1 Ra1+ 45. Kb2 Nc4+ 46. Kxa1 Nxd6 47. Nc5 e4 48. Kb2 Kg7 49. Kc3 Kf6 50. Kd4 e3 51. Kxe3 Ke5 52. Nb7 Nc8 53. d6 Nxd6 54. Nc5 Kd5 55. Nd3 Kxc6 56. Ne5+ Kc5 57. Nxg6 a5 58. Ne5 a4 59. Nd3+ Kd5 60. Nb4+ Kc4 61. Na2 a3 62. g4 Kb3 63. Nc1+ Kc2 64. Na2 Kb2 65. Nb4 Nc4+ 66. Kf4 Na5 67. g5 hxg5+ 68. hxg5 Nc6 69. Nd3+ Kb1 70. g6 a2 71. g7 Ne7 72. Ne5 a1=Q 0-1


[Site "https://www.chess.com"]

[Event "Titled Tuesday Blitz August 1 Early 2023"]
[White "Tymrakiewicz, Rafal"]
[Black "Taboas Rodriguez, Daniel"]
[WhiteFideId "1108832"]
[BlackFideId "2208466"]
[WhiteElo "2390"]
[BlackElo "2637"]
[Result "1-0"]
[Round "3"]
[TimeControl "180+1"]
[Date "2023.08.01"]
[WhiteClock "0:00:16"]
[BlackClock "0:00:16"]
[Board "71"]

1. d4 Nf6 2. Bg5 d5 3. e3 Ne4 4. Bf4 Bf5 5. c4 c6 6. Qb3 Qb6 7. c5 Qxb3 8. axb3 Nd7 9. Nf3 f6 10. h3 e5 11. Bh2 exd4 12. Nxd4 Bg6 13. Ne6 Kf7 14. Nxf8 Rhxf8 15. b4 Rfe8 16. Nd2 Ne5 17. Nxe4 Bxe4 18. f3 Bg6 19. Kf2 a6 20. Be2 Rad8 21. Rhd1 Bc2 22. Rd4 g5 23. Rc1 Bg6 24. g4 h5 25. f4 Nd7 26. f5 Bh7 27. b3 Ne5 28. Rcd1 Ke7 29. e4 dxe4 30. Bxe5 fxe5 31. Rxd8 Rxd8 32. Rxd8 Kxd8 33. Bc4 hxg4 34. hxg4 Ke7 35. Ke3 Kd7 36. Kxe4 Ke7 37. Kxe5 Kf8 38. Kf6 Ke8 39. Kxg5 1-0


[Site "https://www.chess.com"]

[Event "Titled Tuesday Blitz August 1 Early 2023"]
[White "Wieczorek, Oskar"]
[Black "Santeramo, Alessia Carmen"]
[WhiteFideId "1133950"]
[BlackFideId "850810"]
[WhiteElo "2634"]
[BlackElo "2385"]
[Result "1-0"]
[Round "3"]
[TimeControl "180+1"]
[Date "2023.08.01"]
[WhiteClock "0:00:56"]
[BlackClock "0:00:34"]
[Board "72"]

1. e4 e5 2. Nf3 Nc6 3. Nc3 Nf6 4. h3 Bc5 5. Nxe5 Nxe5 6. d4 Bd6 7. dxe5 Bxe5 8. Bd3 O-O 9. O-O Bxc3 10. bxc3 d6 11. Bg5 h6 12. Bh4 Qe7 13. f4 Qe6 14. Qf3 Nd7 15. Rae1 Qxa2 16. Qg3 Kh8 17. Kh1 a5 18. e5 Nc5 19. Bf6 Rg8 20. Qh4 Re8 21. Qxh6+ Kg8 22. Bh7+ Kf8 23. Qxg7# 1-0


[Site "https://www.chess.com"]

[Event "Titled Tuesday Blitz August 1 Early 2023"]
[White "kripri"]
[Black "Belov, Alexei"]
[BlackFideId "4128206"]
[WhiteElo "2382"]
[BlackElo "2618"]
[Result "0-1"]
[Round "3"]
[TimeControl "180+1"]
[Date "2023.08.01"]
[WhiteClock "0:00:03"]
[BlackClock "0:00:35"]
[Board "73"]

1. d4 e6 2. e4 d5 3. Nd2 Nf6 4. e5 Nfd7 5. Bd3 c5 6. c3 Nc6 7. Ne2 f6 8. exf6 Nxf6 9. Nf3 Bd6 10. O-O Qc7 11. h3 O-O 12. Be3 b6 13. Rc1 e5 14. dxe5 Nxe5 15. Nxe5 Bxe5 16. Qd2 Bb7 17. Bf4 Rae8 18. Bxe5 Rxe5 19. Ng3 Rfe8 20. Rfe1 g6 21. Rxe5 Qxe5 22. Kf1 d4 23. cxd4 cxd4 24. Ne2 Kg7 25. Nxd4 Qxd4 26. Rc7+ Kh8 27. Rxb7 Rd8 28. Ke2 Nd5 29. Rxh7+ Kg8 30. g3 Qe5+ 31. Kf1 Kxh7 32. Qc2 Qf6 33. f3 Ne3+ 0-1


[Site "https://www.chess.com"]

[Event "Titled Tuesday Blitz August 1 Early 2023"]
[White "Gardezi, Arsal"]
[Black "Havlik, Jan"]
[WhiteFideId "30949521"]
[BlackFideId "319783"]
[WhiteElo "2273"]
[BlackElo "2613"]
[Result "0-1"]
[Round "3"]
[TimeControl "180+1"]
[Date "2023.08.01"]
[WhiteClock "0:00:42"]
[BlackClock "0:01:56"]
[Board "74"]

1. d4 Nf6 2. c4 g6 3. Nc3 Bg7 4. e4 d6 5. Be2 O-O 6. Nf3 e5 7. O-O Nc6 8. h3 Bd7 9. Be3 Qc8 10. d5 Ne7 11. Qd2 Nh5 12. g4 Nf4 13. Bxf4 exf4 14. Qxf4 f5 15. gxf5 gxf5 16. Qh4 Ng6 17. Qg3 fxe4 18. Nxe4 Bxh3 19. Rfe1 Qf5 20. Nfg5 Nf4 21. Nxh3 Nxh3+ 22. Kh2 Nxf2 23. Nxf2 Qxf2+ 24. Qxf2 Rxf2+ 25. Kg1 Bd4 26. Kh1 Re8 27. Bg4 Rxe1+ 28. Rxe1 Rxb2 29. Re2 Rxe2 30. Bxe2 Kg7 31. Kg2 Kf6 32. Kf3 Ke5 33. Bd3 h6 34. Kg3 Be3 35. Bc2 Kd4 36. Bb3 Kc3 37. Kf3 Bg5 38. Ke4 a5 39. c5 dxc5 40. Ke5 c4 41. Bd1 Kd2 42. Ba4 c3 43. Ke6 c2 44. Bxc2 Kxc2 45. Kd7 Bf4 0-1


[Site "https://www.chess.com"]

[Event "Titled Tuesday Blitz August 1 Early 2023"]
[White "Mendez Fortes, Eduardo Jesus"]
[Black "Jahnz, Fabian"]
[WhiteFideId "3502376"]
[BlackFideId "4653300"]
[WhiteElo "2572"]
[BlackElo "2259"]
[Result "0-1"]
[Round "3"]
[TimeControl "180+1"]
[Date "2023.08.01"]
[WhiteClock "0:00:59"]
[BlackClock "0:00:53"]
[Board "75"]

1. e4 c6 2. d4 d5 3. e5 Bf5 4. Nf3 e6 5. Be2 Ne7 6. O-O Ng6 7. Nbd2 Nd7 8. Nb3 Be7 9. g3 O-O 10. h4 Bg4 11. Ng5 Bxe2 12. Qxe2 h6 13. Nh3 Re8 14. Qh5 c5 15. c3 a5 16. f4 a4 17. Nd2 cxd4 18. cxd4 Ndf8 19. Nf3 a3 20. b3 Rc8 21. g4 Nxh4 22. Nxh4 Bxh4 23. g5 hxg5 24. fxg5 Ng6 25. Bxa3 Rc3 26. Rac1 Rxh3 27. Rf3 Bf2+ 28. Kxf2 Rxh5 0-1


[Site "https://www.chess.com"]

[Event "Titled Tuesday Blitz August 1 Early 2023"]
[White "Martinez Alcantara, Jose Eduardo"]
[Black "Rodchenkov, Sergey D."]
[WhiteFideId "3805662"]
[BlackFideId "4168712"]
[WhiteElo "3005"]
[BlackElo "2515"]
[Result "1-0"]
[Round "3"]
[TimeControl "180+1"]
[Date "2023.08.01"]
[WhiteClock "0:01:23"]
[BlackClock "0:00:09"]
[Board "76"]

1. e4 c5 2. Nf3 d6 3. c3 Nf6 4. h3 Nc6 5. Bd3 g6 6. Bc2 e5 7. d4 exd4 8. cxd4 Bg7 9. dxc5 dxc5 10. Qxd8+ Nxd8 11. Nc3 O-O 12. Be3 Ne6 13. O-O-O b6 14. Rhe1 Bb7 15. e5 Nh5 16. Be4 Bxe4 17. Nxe4 Nhf4 18. Bxf4 Nxf4 19. g3 Ne6 20. Rd7 Rfd8 21. Red1 Nd4 22. Rxd8+ Rxd8 23. Nxd4 cxd4 24. f4 Kf8 25. Kc2 Ke7 26. Kd3 Rc8 27. Rd2 h6 28. h4 Ke6 29. Kxd4 Bf8 30. Ke3 Rc1 31. Kf3 Rf1+ 32. Kg2 Re1 33. Nf2 Bb4 34. Rc2 Re3 35. Ng4 Rd3 36. Nxh6 Bc5 37. a3 a5 38. b4 axb4 39. axb4 Bd4 40. Rc6+ Kd5 41. Rd6+ Ke4 42. Nxf7 Rd2+ 43. Kh3 Rb2 44. Ng5+ Ke3 45. e6 Bf6 46. e7 1-0


[Site "https://www.chess.com"]

[Event "Titled Tuesday Blitz August 1 Early 2023"]
[White "Kramnik, Vladimir"]
[Black "Sreyas Payyappat"]
[WhiteFideId "4101588"]
[BlackFideId "46674969"]
[WhiteElo "2982"]
[BlackElo "2513"]
[Result "0-1"]
[Round "3"]
[TimeControl "180+1"]
[Date "2023.08.01"]
[WhiteClock "0:00:00"]
[BlackClock "0:00:05"]
[Board "77"]

1. e4 c6 2. d4 d5 3. exd5 cxd5 4. Bd3 Nc6 5. c3 Qc7 6. Na3 a6 7. Nc2 e5 8. dxe5 Nxe5 9. Nf3 Bg4 10. Be2 Bxf3 11. Bxf3 Nf6 12. O-O Bd6 13. Bxd5 O-O-O 14. Ne3 h5 15. Bb3 Neg4 16. Qf3 Bxh2+ 17. Kh1 Be5 18. Nc4 Kb8 19. Nxe5 Nxe5 20. Qf4 Nd5 21. Bxd5 Rxd5 22. Be3 f6 23. f3 Re8 24. Bg1 Nd3 25. Qxc7+ Kxc7 26. Rad1 Re2 27. b3 Rxa2 28. Bh2+ Kc6 29. c4 Rd7 30. Bg1 Rb2 31. Rb1 Rxb1 32. Rxb1 Nb4 33. Re1 Rd3 34. Re6+ Kc7 35. Bh2+ Kc8 36. Bg3 Nc6 37. Re8+ Rd8 38. Re3 g5 39. Kh2 h4 40. Be1 Nd4 41. Bc3 Kc7 42. Re7+ Kc6 43. Rf7 Rd6 44. b4 b5 45. c5 Rd7 46. Rxf6+ Kd5 47. Rxa6 Kc4 48. Bxd4 Rxd4 49. c6 Kxb4 50. Ra7 Rc4 51. Rg7 Rxc6 52. Rxg5 Ka4 53. Rg4+ Rc4 54. f4 b4 55. Rxh4 b3 56. Rh8 b2 57. Ra8+ Kb3 58. Rb8+ Rb4 0-1


[Site "https://www.chess.com"]

[Event "Titled Tuesday Blitz August 1 Early 2023"]
[White "Khamdamova, Afruza"]
[Black "Shimanov, Aleksandr"]
[WhiteFideId "14210444"]
[BlackFideId "4198603"]
[WhiteElo "2511"]
[BlackElo "2940"]
[Result "0-1"]
[Round "3"]
[TimeControl "180+1"]
[Date "2023.08.01"]
[WhiteClock "0:00:00"]
[BlackClock "0:00:08"]
[Board "78"]

1. e4 c5 2. Nf3 e6 3. d4 cxd4 4. Nxd4 a6 5. Bd3 Bc5 6. Nb3 Be7 7. O-O d6 8. c4 Nf6 9. Nc3 O-O 10. Be3 b6 11. f4 Bb7 12. Nd2 Nbd7 13. b4 d5 14. a3 dxe4 15. Ndxe4 Qc7 16. Qc2 Rfd8 17. Rad1 Rac8 18. Kh1 h5 19. h3 h4 20. Qe2 Nxe4 21. Nxe4 a5 22. Ng5 Nf6 23. Qf2 Rxd3 24. Rxd3 Qxc4 25. Rfd1 axb4 26. axb4 Ne4 27. Nxe4 Qxe4 28. Bxb6 Qxb4 29. Bd4 Be4 30. R3d2 Qb3 31. Kh2 Rd8 32. Qe3 Qb7 33. Be5 Bd5 34. Qc3 Rc8 35. Qb2 Qxb2 36. Rxb2 f6 37. Bd4 Bd6 38. Be3 g5 39. Rf1 Rc4 40. Rbf2 Rc3 41. Bd2 Rd3 42. Kg1 Bc5 43. Ba5 Rg3 44. Kh2 Bxf2 45. Rxf2 gxf4 46. Bc7 e5 47. Rd2 Be4 48. Ba5 Kf7 49. Re2 Bd3 50. Rd2 Kg6 51. Rb2 Re3 52. Bb6 Re4 53. Bf2 Kg5 54. Rb8 Re2 55. Rg8+ Kh5 56. Rh8+ Kg6 57. Bxh4 Be4 58. Rg8+ Kf7 59. Rb8 Rxg2+ 0-1


[Site "https://www.chess.com"]

[Event "Titled Tuesday Blitz August 1 Early 2023"]
[White "Estrada Nieto, Julian"]
[Black "Zemlyanskii, Ivan"]
[WhiteFideId "5101018"]
[BlackFideId "24249971"]
[WhiteElo "2508"]
[BlackElo "2928"]
[Result "0-1"]
[Round "3"]
[TimeControl "180+1"]
[Date "2023.08.01"]
[WhiteClock "0:00:01"]
[BlackClock "0:00:16"]
[Board "79"]

1. e4 c5 2. Nf3 e6 3. c3 d5 4. exd5 exd5 5. d4 Nc6 6. Bb5 Nf6 7. O-O Bd6 8. dxc5 Bxc5 9. Nbd2 O-O 10. Nb3 Bb6 11. Re1 Bg4 12. Be3 Ne4 13. h3 Bh5 14. Bxc6 bxc6 15. Nbd4 Qf6 16. g4 Bg6 17. Nd2 c5 18. N4b3 Rac8 19. Nxe4 Bxe4 20. Nd2 Bg6 21. Qf3 Qc6 22. Bf4 h6 23. Rad1 Rfe8 24. Qg3 Qa4 25. a3 Qc2 26. Nf3 Qxb2 27. Ne5 Be4 28. f3 Bc2 29. Rc1 d4 30. Nc4 Qxc3 31. Nxb6 axb6 32. Be5 f6 33. Re2 Rxe5 34. Rexc2 Qe3+ 35. Kg2 d3 36. Rf2 Qxc1 37. f4 Re3 38. Qh4 d2 39. g5 d1=Q 40. gxh6 Qh1# 0-1


[Site "https://www.chess.com"]

[Event "Titled Tuesday Blitz August 1 Early 2023"]
[White "feuervogel1000000"]
[Black "Jones, Gawain C B"]
[BlackFideId "409561"]
[WhiteElo "2506"]
[BlackElo "2909"]
[Result "1/2-1/2"]
[Round "3"]
[TimeControl "180+1"]
[Date "2023.08.01"]
[WhiteClock "0:00:03"]
[BlackClock "0:00:03"]
[Board "80"]

1. d4 d5 2. c4 e6 3. Nf3 a6 4. g3 dxc4 5. Bg2 Nc6 6. O-O Rb8 7. a4 b5 8. axb5 axb5 9. b3 cxb3 10. Qxb3 Nf6 11. Rd1 Bd6 12. Ne5 Ne7 13. Nc3 O-O 14. Bb2 Bb7 15. Ra7 Bxg2 16. Kxg2 b4 17. Na4 Ra8 18. Rxa8 Qxa8+ 19. f3 Rd8 20. Nc4 Qd5 21. e4 Nxe4 22. fxe4 Qxe4+ 23. Kg1 Nd5 24. Nc5 Qg4 25. Rf1 h5 26. Ne3 Nxe3 27. Qxe3 Ra8 28. Qe4 Qxe4 29. Nxe4 Ra2 30. Rb1 Be7 31. Kf2 h4 32. Ke3 f5 33. Nf2 hxg3 34. hxg3 g5 35. Nd3 Bd6 36. Rg1 Kf8 37. Kd2 Ke7 38. Kc2 Ra8 39. g4 f4 40. Nf2 Rh8 41. Ne4 Rh2+ 42. Kb3 f3 43. Nxg5 f2 44. Rf1 Rg2 45. Ne4 Rxg4 46. Nxd6 Kxd6 47. Rxf2 c5 48. dxc5+ Kxc5 49. Rc2+ Kb5 50. Be5 Re4 51. Bd6 Rd4 52. Be5 Rd3+ 53. Kb2 Ka4 54. Rf2 Rb3+ 55. Kc2 Re3 56. Bb2 Rh3 57. Re2 Rh6 58. Bc1 Rg6 59. Kb2 Rf6 60. Bg5 Rg6 61. Be7 Rh6 62. Rg2 Rh3 63. Rg4 Rb3+ 64. Kc1 Rc3+ 65. Kd2 Rb3 66. Re4 Rb2+ 67. Kc1 Ka3 68. Rxe6 Rh2 69. Re3+ Ka4 70. Bf6 Rh1+ 71. Kc2 Rh2+ 72. Kb1 Rh1+ 73. Ka2 Rh2+ 74. Bb2 Rg2 75. Kb1 Rg1+ 76. Ka2 Rg2 77. Rd3 Rh2 78. Kb1 Rh1+ 79. Bc1 Rh2 80. Bd2 Kb5 81. Rd4 Kc5 82. Rd8 Kc4 83. Kb2 Rg2 84. Rd7 Rh2 85. Kc2 b3+ 86. Kb2 Rg2 87. Kc1 Rg1+ 88. Kb2 Rg2 89. Ka3 Re2 90. Rc7+ Kd3 91. Bc3 b2 92. Bxb2 Re3 93. Kb3 Ke2+ 94. Bc3 Re4 95. Kc2 Re3 96. Rg7 Rf3 97. Rg2+ Rf2 98. Rg5 Rf3 99. Bd2 Rf1 100. Re5+ Kf3 101. Kd3 Rf2 102. Be3 Ra2 103. Rf5+ Kg3 104. Rf1 Ra3+ 105. Ke4 Ra4+ 106. Bd4 Kg2 107. Rg1+ Kh2 108. Rg7 Rb4 109. Rg4 Kh3 110. Rg8 Ra4 111. Kd3 Ra3+ 112. Ke2 Ra4 113. Be3 Kh4 114. Kf3 Kh5 115. Rg1 Rb4 116. Bf4 Rb3+ 117. Ke4 Rb5 118. Be5 Kh4 119. Kf4 Kh3 120. Kf5 Ra5 121. Rg3+ Kh4 122. Rg2 Ra3 123. Rh2+ Rh3 124. Rg2 Ra3 125. Rg6 Kh3 126. Rh6+ Kg2 127. Rh2+ Kf1 128. Rb2 Ra4 129. Bf4 Ra8 130. Ke4 Ra3 131. Be3 Ra8 132. Kf3 Rf8+ 133. Bf4 Re8 134. Rh2 Rg8 135. Rd2 Re8 136. Bd6 Ke1 137. Rg2 Kd1 138. Bf4 Rd8 139. Rf2 Rd3+ 140. Be3 Rd8 141. Kg2 Re8 142. Kf3 1/2-1/2


[Site "https://www.chess.com"]

[Event "Titled Tuesday Blitz August 1 Early 2023"]
[White "Lehtosaari, Mauri"]
[Black "Perez Ponsa, Federico"]
[WhiteFideId "501999"]
[BlackFideId "117927"]
[WhiteElo "2505"]
[BlackElo "2894"]
[Result "0-1"]
[Round "3"]
[TimeControl "180+1"]
[Date "2023.08.01"]
[WhiteClock "0:00:06"]
[BlackClock "0:00:41"]
[Board "81"]

1. d4 Nf6 2. Nf3 g6 3. Bg5 Bg7 4. e3 O-O 5. Bc4 d6 6. O-O Nc6 7. c3 Qe8 8. a4 h6 9. Bxf6 Bxf6 10. Nbd2 Bg7 11. Qc2 Kh7 12. Rfe1 e5 13. dxe5 Nxe5 14. Nxe5 Qxe5 15. Nf3 Qe7 16. h3 Bf5 17. Bd3 Be6 18. Nd4 Bd7 19. a5 a6 20. Qb3 c5 21. Nf3 Bc6 22. Be2 f5 23. Rad1 Rad8 24. Nd2 d5 25. Bf3 g5 26. Nf1 Qe6 27. Ng3 g4 28. hxg4 fxg4 29. Be2 Be5 30. Nf1 h5 31. Nd2 Kg7 32. f4 Bf6 33. Bf1 Bh4 34. Re2 Bg3 35. Ree1 Qf6 36. Be2 Qh4 0-1


[Site "https://www.chess.com"]

[Event "Titled Tuesday Blitz August 1 Early 2023"]
[White "Erzhanov, Arman"]
[Black "Dau Khuong Duy"]
[WhiteFideId "4138821"]
[BlackFideId "12424722"]
[WhiteElo "2503"]
[BlackElo "2878"]
[Result "0-1"]
[Round "3"]
[TimeControl "180+1"]
[Date "2023.08.01"]
[WhiteClock "0:00:10"]
[BlackClock "0:00:21"]
[Board "82"]

1. e4 c5 2. Nf3 d6 3. d4 cxd4 4. Qxd4 Nc6 5. Qe3 Nf6 6. h3 e6 7. Be2 Be7 8. O-O O-O 9. c4 d5 10. exd5 exd5 11. Rd1 Re8 12. cxd5 Nxd5 13. Qb3 Be6 14. Qxb7 Qb6 15. Qxb6 axb6 16. Bb5 Rec8 17. Bxc6 Rxc6 18. Nd4 Rc4 19. Be3 Bf6 20. Na3 Rb4 21. Rd2 h5 22. Rad1 Nxe3 23. fxe3 Bxa2 24. Nab5 Bc4 25. Nd6 Bb3 26. Rc1 Bg5 27. Kf2 g6 28. Rc3 Ba4 29. Nf3 Bf6 30. Nd4 Bd7 31. Ne4 Bg7 32. Rc7 Be8 33. Nd6 Be5 34. Nxe8 Rxe8 35. Rc6 Kg7 36. Rcc2 Bf6 37. Nc6 Rbe4 38. Re2 Bh4+ 39. g3 Bf6 40. h4 g5 41. hxg5 Bxg5 42. Nd4 f6 43. Rc3 Kg6 44. Kf3 R4e5 45. Nc6 Rd5 46. Nb4 Rd1 47. Nd3 Rf1+ 48. Kg2 Rb1 49. Kf3 Rd8 50. Nf4+ Bxf4 51. exf4 Rf1+ 52. Kg2 Rfd1 53. Rb3 R8d6 54. Rb5 R1d4 55. Kf2 Rc4 56. Kg2 h4 57. f5+ Kg5 58. gxh4+ Kxh4 59. Kf2 Kg5 60. Ke3 Rc5 61. Rxc5 bxc5 62. Rf2 Rd5 63. Ke4 Re5+ 64. Kd3 Rxf5 65. Rg2+ Kf4 66. Kc4 Re5 67. Rf2+ Kg5 68. b3 f5 69. Rg2+ Kh4 70. Rf2 Kg4 71. Rg2+ Kf3 72. Rg8 f4 73. Rc8 Ke3 74. Rxc5 Rxc5+ 75. Kxc5 f3 76. b4 f2 77. b5 f1=Q 78. b6 Qf8+ 79. Kc6 Qb8 80. b7 Kd4 81. Kb6 Kd5 82. Ka6 Kc5 83. Ka5 Qa7# 0-1


[Site "https://www.chess.com"]

[Event "Titled Tuesday Blitz August 1 Early 2023"]
[White "Shubenkova, Veronika"]
[Black "Harshavardhan G B"]
[WhiteFideId "44124040"]
[BlackFideId "25059009"]
[WhiteElo "2503"]
[BlackElo "2873"]
[Result "1-0"]
[Round "3"]
[TimeControl "180+1"]
[Date "2023.08.01"]
[WhiteClock "0:01:08"]
[BlackClock "0:00:07"]
[Board "83"]

1. c4 Nf6 2. Nc3 e5 3. d3 Nc6 4. g3 g6 5. Bg2 Bg7 6. e4 O-O 7. Nge2 d6 8. O-O Nh5 9. f4 f5 10. Nd5 fxe4 11. dxe4 Bg4 12. Qd3 Qd7 13. Nec3 Nd4 14. Be3 c6 15. Nb4 a5 16. Nc2 c5 17. Rab1 Rae8 18. Bxd4 cxd4 19. Nd5 Be6 20. Qd2 b5 21. b3 bxc4 22. bxc4 Qa4 23. Rb6 Qxc4 24. Rxd6 Qc5 25. Rxe6 Rxe6 26. Ne1 Rc8 27. Bh3 Rec6 28. Bxc8 Rxc8 29. fxe5 Bxe5 30. Qg5 Bd6 31. Nd3 Qa3 32. Qg4 Rf8 33. Qe6+ Kh8 34. Rxf8+ Bxf8 35. Qf7 Bh6 36. Ne7 1-0


[Site "https://www.chess.com"]

[Event "Titled Tuesday Blitz August 1 Early 2023"]
[White "Maksimovic, Bojan"]
[Black "Ocelak, Jakub"]
[WhiteFideId "14408120"]
[BlackFideId "23707933"]
[WhiteElo "2866"]
[BlackElo "2501"]
[Result "0-1"]
[Round "3"]
[TimeControl "180+1"]
[Date "2023.08.01"]
[WhiteClock "0:00:07"]
[BlackClock "0:00:02"]
[Board "84"]

1. Nf3 d5 2. e3 Nf6 3. c4 e6 4. b3 Be7 5. Bb2 O-O 6. Nc3 c5 7. cxd5 Nxd5 8. Qc2 Nc6 9. h4 Ndb4 10. Qb1 Nd5 11. Ng5 f5 12. a3 Bf6 13. Qc2 b6 14. Bc4 Ne5 15. Be2 h6 16. Nf3 Nxf3+ 17. Bxf3 Bb7 18. h5 Qe7 19. O-O Nxc3 20. dxc3 Bxf3 21. gxf3 Qf7 22. Kg2 Qxh5 23. Rh1 Qg6+ 24. Kf1 e5 25. c4 e4 26. fxe4 fxe4 27. Bxf6 Qxf6 28. Rd1 Qf3 29. Rg1 Qxe3 30. Qb2 Rxf2+ 31. Qxf2 Rf8 32. Rg2 Rxf2+ 33. Rxf2 Qh3+ 34. Ke2 Qxb3 35. Rd7 Qxc4+ 36. Ke3 Qc3+ 37. Kxe4 Qc4+ 38. Ke5 Qc3+ 39. Ke4 Qb3 40. Rd8+ Kh7 41. Rff8 Qe6+ 42. Kd3 h5 43. Rde8 Qd5+ 44. Kc3 Qd4+ 45. Kc2 c4 46. Rd8 Qe4+ 47. Kc3 b5 48. Rh8+ Kg6 49. Rd6+ Kf7 50. Rd7+ Kf6 51. Rd6+ Kg5 52. Rhd8 Qe3+ 53. Kb4 Qe1+ 54. Kxb5 c3 55. Rd5+ Kg4 56. Rc8 Qb1+ 57. Ka4 Qc2+ 58. Kb4 Qb2+ 59. Ka4 c2 60. Rdc5 c1=Q 61. Rxc1 a6 62. R8c4+ Kf5 63. Rc5+ Kf6 64. Rc7 Qb5# 0-1


[Site "https://www.chess.com"]

[Event "Titled Tuesday Blitz August 1 Early 2023"]
[White "Molina, Roberto Junio Brito"]
[Black "Liu, Casper"]
[WhiteFideId "2109450"]
[BlackFideId "1454153"]
[WhiteElo "2856"]
[BlackElo "2499"]
[Result "1-0"]
[Round "3"]
[TimeControl "180+1"]
[Date "2023.08.01"]
[WhiteClock "0:00:13"]
[BlackClock "0:00:01"]
[Board "85"]

1. e4 Nf6 2. e5 Nd5 3. c4 Nb6 4. d4 d6 5. exd6 exd6 6. Nc3 g6 7. Be3 Bg7 8. Rc1 O-O 9. Qd2 Nc6 10. Be2 Re8 11. b3 a5 12. Nf3 Bg4 13. O-O a4 14. h3 Bf5 15. d5 Ne5 16. Nd4 Bd7 17. f4 Bxh3 18. fxe5 Rxe5 19. gxh3 Qh4 20. Kg2 Rxe3 21. Qxe3 Bxd4 22. Qf4 Qxf4 23. Rxf4 Be3 24. Rcf1 Bxf4 25. Rxf4 axb3 26. axb3 Ra3 27. Bd1 Nd7 28. Nb5 Ra1 29. Rf1 Ra2+ 30. Rf2 Ra1 31. Bc2 c6 32. dxc6 bxc6 33. Nxd6 f5 34. b4 Ra2 35. b5 cxb5 36. cxb5 Kg7 37. Nc4 Ra7 38. Rd2 Rb7 39. Na5 Rc7 40. Nc6 Rb7 41. Bd3 Nc5 42. Be2 Ne4 43. Rc2 g5 44. Kf3 Kf6 45. Ke3 Ke6 46. Kd4 Kd6 47. Ra2 Nc5 48. Kc4 Nd7 49. Rd2+ Kc7 50. Bf3 Nb6+ 51. Kc5 Nd7+ 52. Kb4 Rb6 53. Na5 Ne5 54. Bd5 g4 55. hxg4 fxg4 56. Nc4 Nxc4 57. Kxc4 h5 58. Kc5 h4 59. Re2 Rf6 60. Re7+ Kd8 61. Rg7 h3 62. b6 h2 63. b7 1-0


[Site "https://www.chess.com"]

[Event "Titled Tuesday Blitz August 1 Early 2023"]
[White "Grossboss19"]
[Black "Timofeev, Artyom"]
[BlackFideId "4140419"]
[WhiteElo "2496"]
[BlackElo "2854"]
[Result "0-1"]
[Round "3"]
[TimeControl "180+1"]
[Date "2023.08.01"]
[WhiteClock "0:00:07"]
[BlackClock "0:00:37"]
[Board "86"]

1. g3 d5 2. Bg2 e5 3. e3 Nf6 4. b3 Bd6 5. Bb2 O-O 6. Ne2 c5 7. O-O Nc6 8. d4 cxd4 9. exd4 e4 10. c4 Bg4 11. Nbc3 Nb4 12. Ba3 Qa5 13. Bxb4 Bxb4 14. Nxd5 Nxd5 15. cxd5 Rfe8 16. h3 Bd7 17. a3 Bd6 18. b4 Qxd5 19. Nc3 Qf5 20. Qe2 Qg6 21. Nxe4 Rad8 22. Qb2 Rxe4 23. Bxe4 Qxe4 24. Rfe1 Qd5 25. Kh2 Qh5 26. d5 Bxh3 27. Qc3 Be6+ 28. Kg2 Qxd5+ 29. f3 Qg5 30. g4 h5 31. Qe3 Bf4 32. Qc5 Rd2+ 33. Kf1 Qh4 0-1


[Site "https://www.chess.com"]

[Event "Titled Tuesday Blitz August 1 Early 2023"]
[White "Shtembuliak, Evgeny"]
[Black "Papayan, Oleg"]
[WhiteFideId "14113325"]
[BlackFideId "4193911"]
[WhiteElo "2844"]
[BlackElo "2496"]
[Result "1-0"]
[Round "3"]
[TimeControl "180+1"]
[Date "2023.08.01"]
[WhiteClock "0:00:15"]
[BlackClock "0:00:16"]
[Board "87"]

1. c4 e5 2. Nc3 Nf6 3. Nf3 Nc6 4. e3 Bb4 5. Qc2 O-O 6. Nd5 Bc5 7. Ng5 g6 8. Nxf6+ Qxf6 9. Ne4 Qe7 10. a3 a5 11. b3 Ba7 12. Bb2 d6 13. h4 f5 14. Nc3 f4 15. Bd3 fxe3 16. dxe3 Bf5 17. Ne4 Rf7 18. Ng5 Rff8 19. Be4 Rae8 20. O-O-O h6 21. Nf3 Qf6 22. Rdf1 Bxe4 23. Qxe4 Qf5 24. Nd2 Qxe4 25. Nxe4 Rf7 26. Kd1 Ref8 27. Ke2 Ne7 28. Bc3 Bb6 29. g4 Nc6 30. h5 g5 31. f3 Nd8 32. Rh3 Ne6 33. Rd1 Ra8 34. Ng3 Nc5 35. Nf5 Kh7 36. Rb1 a4 37. b4 Ne6 38. Rd1 Raf8 39. Rd5 Rd8 40. Rh1 Rfd7 41. Rhd1 Ng7 42. Nxg7 Kxg7 43. c5 Ba7 44. cxd6 cxd6 45. Bxe5+ Kf7 46. Rxd6 Rxd6 47. Rxd6 Rc8 48. Rf6+ Ke7 49. Rxh6 Rc2+ 50. Kd3 Ra2 51. Rh7+ Ke6 52. Rxb7 Rxa3+ 53. Kc4 Bxe3 54. Bg7 Ra2 55. h6 Rh2 56. Rb8 a3 57. Ra8 a2 58. Kb3 Bf4 59. Rxa2 Rh3 60. Kc4 Rxf3 61. h7 Rh3 62. h8=Q Rxh8 63. Bxh8 Kd7 64. Re2 Kc7 65. Be5+ Kc6 66. Bxf4 gxf4 67. Re4 f3 68. Rf4 f2 69. Rxf2 Kd6 70. g5 Ke5 71. g6 Ke4 72. g7 Ke3 73. Rf8 Ke4 74. b5 Ke5 75. b6 Ke6 76. b7 Ke7 77. b8=Q Kd7 78. g8=Q Kc6 79. Qd5# 1-0


[Site "https://www.chess.com"]